 Dungeon Crawl Stone Soup version 0.25-a0-516-g7d600cd9ad (webtiles) character file.

Game seed: 4985152249660861111, levelgen mode: deterministic

566 Emblim88 the Agent of Entropy (level 7, -1/66 HPs)
             Began as a Troll Abyssal Knight on Feb 17, 2020.
             Was a Priest of Lugonu.
             Slain by an iguana (13 damage)
             ... on level 5 of the Dungeon.
             The game lasted 00:06:17 (2932 turns).

Emblim88 the Agent of Entropy (TrAK)                Turns: 2932, Time: 00:06:18

Health: -1/66      AC:  6    Str: 23    XL:     7   Next: 10%
Magic:  10/10      EV: 10    Int:  8    God:    Lugonu [***...]
Gold:   85         SH:  0    Dex:  9    Spells: 6/6 levels left

rFire    . . .     SeeInvis .     - Unarmed
rCold    . . .     Gourm    +   (no shield)
rNeg     . . .     Faith    .   a - +0 robe
rPois    +         Spirit   .   (helmet restricted)
rElec    .         Reflect  .   (no cloak)
rCorr    .         Harm     .   (gloves unavailable)
MR       .....                  (boots unavailable)
Stlth    +.........             g - amulet of rage
HPRegen  0.61/turn              h - ring of poison resistance
MPRegen  0.12/turn              C - ring of flight

@: no status effects
A: large, unfitting armour, claws 3, fast metabolism 3, gourmand, regeneration
1, shaggy fur 1, tough skin 3
a: Depart the Abyss, Bend Space, Banish, Renounce Religion, Evoke Berserk Rage,
Evoke Flight


You were on level 5 of the Dungeon.
You worshipped Lugonu.
Lugonu was most pleased with you.
You were very full.

You visited 1 branch of the dungeon, and saw 7 of its levels.
You visited the Abyss 1 time.
You also visited: Sewer.

You collected 197 gold pieces.
You spent 112 gold pieces at shops.

Inventory:

Missiles
 d - 83 stones
 n - 4 javelins (quivered)
 v - 7 atropa-tipped darts
 w - 5 boomerangs
Armour
 a - a +0 robe (worn)
Jewellery
 g - an amulet of rage (around neck)
 h - a ring of poison resistance (left claw)
 t - an uncursed amulet of harm {unknown}
 C - a ring of flight (right claw)
Scrolls
 e - a scroll of amnesia {unknown}
 i - a scroll of remove curse
 o - 2 scrolls of fog
 p - 2 scrolls of magic mapping
 r - a scroll of fear
 s - a scroll of enchant armour {unknown}
 y - a scroll of teleportation
Potions
 f - 2 potions of resistance {unknown}
 j - a potion of mutation {unknown}
 k - 2 potions of agility {unknown}
 l - a potion of lignification {unknown}
 m - 2 potions of brilliance {unknown}
 q - 3 potions of degeneration {unknown}
 u - a potion of invisibility {unknown}
 A - a potion of flight {unknown}
 B - a potion of ambrosia {unknown}
Comestibles
 b - 7 rations
 c - 6 chunks of flesh


   Skills:
 - Level 2.9 Fighting
 - Level 1.9 Dodging
 - Level 2.7 Unarmed Combat
 * Level 6.6 Invocations


You had 6 spell levels left.
You didn't know any spells.
Your spell library was empty.

Dungeon Overview and Level Annotations

Branches:
Dungeon (7/15)              Sewer (visited)
 Temple: D:4-7

Altars:
Dithmenos
Qazlal
Vehumet
Wu Jian
Yredelemnul

Shops:
D:4 !


Innate Abilities, Weirdness & Mutations

You are too large for most types of armour.
You have claws for hands.
Your metabolism is lightning-fast.
You like to eat raw meat.
Your natural rate of healing is unusually fast.
You are covered in fur. (AC +1)
You have extremely tough skin. (AC +3)


Message History

You claw the gnoll!
You kill the gnoll!
Lugonu accepts your kill. The iguana bites you.
You closely miss the iguana. The iguana bites you!
* * * LOW HITPOINT WARNING * * *
You feel better. The iguana bites you!
* * * LOW HITPOINT WARNING * * *
You claw the iguana!
The iguana is heavily wounded.
The iguana bites you!
* * * LOW HITPOINT WARNING * * *
You feel better. The iguana completely misses you.
You scratch the iguana but do no damage.
The iguana is heavily wounded.
The iguana closely misses you.
You barely miss the iguana.
The iguana is heavily wounded.
The iguana bites you!
You die...

#...# #......
#..###..#... ####
#######........... .....
#(#..###.##.......
......##.#..###....##....
.........................
.....g.#(....##.#..##....
.......#)##..##..#.# #...
.......#@##..###.#.# ...
.......l.##..# #.#..
.........##..# #..###
.....##....... .#.# ###.#
#.#...... .. # #. ...>.
.. .... .# ..... #.
####..


You could see an iguana.

Vanquished Creatures
  Purgy (Sewer)
  A gnoll sergeant (D:5)
  A scorpion (D:4)
  2 hounds (D:4)
  2 worker ants
  A howler monkey skeleton (D:5)
  9 gnolls
  3 river rats (D:4)
  3 adders
  2 oozes
  A worm (D:3)
  3 leopard geckos
  3 orcs
  4 ball pythons
  8 bats
  3 giant cockroaches
  10 goblins
  6 hobgoblins
  7 jackals
  16 frilled lizards
  6 kobolds
  7 rats
99 creatures vanquished.

Notes
Turn   | Place    | Note
-------+----------+-------------------------------------------
     0 | Abyss:1  | Emblim88 the Troll Abyssal Knight began the quest for the
                  | Orb.
     0 | Abyss:1  | Reached XP level 1. HP: 22/22 MP: 1/1
    10 | D:1      | Escaped the Abyss
   199 | D:1      | Reached skill level 2 in Invocations
   199 | D:1      | Reached XP level 2. HP: 29/29 MP: 2/2
   749 | D:2      | Reached XP level 3. HP: 29/36 MP: 3/3
   752 | D:2      | Reached ** piety under Lugonu
   776 | D:2      | Found a radiant altar of Vehumet.
  1196 | D:2      | Found a stormy altar of Qazlal.
  1196 | D:2      | Found an ornate altar of the Wu Jian Council.
  1198 | D:2      | Found a basalt altar of Yredelemnul.
  1211 | D:2      | Reached XP level 4. HP: 44/44 MP: 5/5
  1238 | D:2      | Reached skill level 3 in Invocations
  1998 | D:3      | Found a shadowy altar of Dithmenos.
  2115 | D:4      | Reached skill level 4 in Invocations
  2115 | D:4      | Reached XP level 5. HP: 45/52 MP: 5/7
  2151 | D:4      | Found Yxesan's Distillery.
  2173 | D:4      | Bought a potion of curing for 42 gold pieces
  2173 | D:4      | Bought a potion of heal wounds for 70 gold pieces
  2236 | D:4      | Found a glowing drain.
  2242 | D:4      | Reached *** piety under Lugonu
  2275 | Sewer    | Entered a sewer
  2402 | Sewer    | Noticed Purgy
  2415 | Sewer    | Killed Purgy
  2415 | Sewer    | Reached skill level 5 in Invocations
  2415 | Sewer    | Reached XP level 6. HP: 35/59 MP: 7/9
  2756 | D:4      | Reached skill level 6 in Invocations
  2757 | D:4      | You fall into a shaft and drop 3 floors!
  2855 | D:5      | Entered Level 5 of the Dungeon
  2912 | D:5      | Reached XP level 7. HP: 35/66 MP: 10/10
  2929 | D:5      | HP: 2/66 [iguana (8)]
  2932 | D:5      | Slain by an iguana

Levels and vault maps discovered:
D:1:      saegor_arrival_miasma, layout_basic, minmay_fountain_box,
          minmay_pentomino_t2
D:2:      layout_loops_ring, vehumet_crystals, nicolae_overflow_hidden_temple,
          st_stairs_4, minmay_lizard_pond
D:3:      layout_loops_ring, marbit_many_paths
D:4:      layout_basic, serial_shops, shop, portal_sewer_entry_c
D:5:      layout_rooms, grunt_temple_overflow_order_and_chaos_2,
          lemuel_coloured_pillars_altar, minmay_temple_entry_purple_smoke,
          first_ration, basic_altar
D:6:      layout_cave_pools, cheibriados_altar_1
D:7:      layout_basic, nemelex_xobeh_ov_fountains_minmay, basic_altar,
          grunt_ministairs_9, uniq_crazy_yiuf_cottage

Skill      XL: |  1  2  3  4  5  6 |
---------------+-------------------+-----
Invocations    | 2 4 5 6 |  6.6
Fighting       | |  2.9
Dodging        | |  1.9
Unarmed Combat | |  2.7

Action                   |  1- 3 |  4- 6 |  7- 9 || total
-------------------------+-------+-------+-------++-------
Melee: Unarmed           |   144 |   189 |    18 ||   351
       Punch             |     1 |     2 |       ||     3
Throw: Javelin           |       |     1 |       ||     1
       Stone             |       |     1 |       ||     1
Invok: Bend Space        |       |     1 |       ||     1
  Use: Scroll            |       |     6 |       ||     6
       Potion            |       |     1 |     2 ||     3
 Stab: Sleeping          |       |     1 |       ||     1
  Eat: Chunk             |    17 |    15 |       ||    32
Armor: Robe              |    73 |    71 |     4 ||   148
Dodge: Dodged            |   104 |   114 |    10 ||   228

Table legend:
 A = Non-vault XP
 B = Vault XP
 C = Vault XP percentage of total XP
 D = Non-vault monster count
 E = Vault monster count
 F = Vault count percentage of total count
                 A         B        C        D         E       F
            +---------+---------+-------+---------+---------+-------
      Total |     590 |     219 |  27.1 |      74 |      25 |  25.3
            +---------+---------+-------+---------+---------+-------
        D:1 |      31 |       4 |  11.4 |      18 |       2 |  10.0
        D:2 |      57 |      12 |  17.4 |      17 |       9 |  34.6
        D:3 |      43 |       3 |   6.5 |      15 |       1 |   6.2
        D:4 |     267 |      57 |  17.6 |      12 |       7 |  36.8
        D:5 |     150 |       0 |   0.0 |       7 |       0 |   0.0
        D:6 |      34 |       0 |   0.0 |       1 |       0 |   0.0
        D:7 |       8 |       0 |   0.0 |       4 |       0 |   0.0
      Sewer |       0 |     143 | 100.0 |       0 |       6 | 100.0
            +---------+---------+-------+---------+---------+-------
